 Dungeon Crawl Stone Soup version 0.28-b1-25-g9875b3fc8c (webtiles) character file.

Game seed: 12168848785097396643

240 cayde69 the Covered (level 6, -2/47 (48) HPs)
             Began as a Formicid Fighter on Jan 31, 2022.
             Was an Initiate of the Shining One.
             Slain by Crazy Yiuf (5 damage)
             ... on level 2 of the Dungeon.
             The game lasted 00:04:43 (1717 turns).

cayde69 the Covered (Formicid Fighter)              Turns: 1717, Time: 00:04:44

HP:   -2/47 (48)    AC:  9    Str: 22    XL:     6   Next: 29%
MP:   0/6           EV:  7    Int:  8    God:    the Shining One [......]
Gold: 55            SH:  4    Dex: 10    Spells: 5/5 levels left

rFire   . . .      SeeInvis +   a - +0 war axe
rCold   . . .      Faith    .   c - +0 buckler
rNeg    . . .      Spirit   .   h - +0 chain mail
rPois   .          Reflect  .   (helmet unavailable)
rElec   .          Harm     .   (no cloak)
rCorr   .          Rampage  .   (no gloves)
Will    .....                   (no boots)
Stlth   ..........              (no amulet)
HPRegen 0.15/turn               (no ring)
MPRegen 0.10/turn               (no ring)

@: glowing, lightly drained
A: permanent stasis, dig shafts and tunnels, antennae 3, four strong arms
a: Dig, Shaft Self, Renounce Religion


You were on level 2 of the Dungeon.
You worshipped the Shining One.
The Shining One was noncommittal.
You visited 1 branch of the dungeon, and saw 2 of its levels.

You collected 55 gold pieces.

Inventory:

Hand Weapons
 a - a +0 war axe (weapon)
 m - a +1 whip of distortion
Armour
 b - a +0 scale mail
 c - a +0 buckler (worn)
 h - a +0 chain mail (worn)
Scrolls
 e - a scroll of noise {unknown}
 f - a scroll of summoning {unknown}
 g - 2 scrolls of immolation {unknown}
Potions
 d - a potion of flight {unknown}
 i - a potion of brilliance {unknown}
 j - a potion of invisibility
 k - a potion of berserk rage {unknown}
 l - a potion of mutation {unknown}
 n - a potion of haste {unknown}


   Skills:
 + Level 4.0 Fighting
 + Level 4.4 Axes
 + Level 4.5 Armour
 + Level 0.5 Dodging
 + Level 0.3 Stealth
 + Level 4.2 Shields


You had 5 spell levels left.
You didn't know any spells.
Your spell library was empty.

Dungeon Overview and Level Annotations

Branches:
Dungeon (2/15)

Altars:
The Shining One

Shops:
D:1 *

Annotations:
D:2 Crazy Yiuf


Innate Abilities, Weirdness & Mutations

You cannot be hasted, slowed, berserked, paralysed or teleported.
You can dig through walls and to a lower floor.
You have a pair of large antennae on your head. (SInv)
Your four strong arms can wield two-handed weapons with a shield.


Message History

Things that are here:
a +0 dagger; a goblin skeleton Crazy Yiuf shouts!
You open the door.
Crazy Yiuf says, "Crazy?
Crazy!?
PORCUPINE!"
You closely miss Crazy Yiuf.
Crazy Yiuf sings, "Trees, trees, trees, circus!"
Crazy Yiuf hits you with a +2 quarterstaff of chaos.
Crazy Yiuf freezes you.
You slash Crazy Yiuf!
Crazy Yiuf is moderately wounded.
Crazy Yiuf cries, "Proton noodlescoop action!"
Crazy Yiuf hits you with a +2 quarterstaff of chaos.
You closely miss Crazy Yiuf.
Crazy Yiuf is moderately wounded.
Crazy Yiuf hits you with a +2 quarterstaff of chaos!
Crazy Yiuf freezes you. Crazy Yiuf barely misses you.
You are too injured to fight recklessly!
You are too injured to fight recklessly!
You are too injured to fight recklessly!
You are too injured to fight recklessly!
You barely miss Crazy Yiuf.
Crazy Yiuf is moderately wounded.
Crazy Yiuf closely misses you.
You closely miss Crazy Yiuf.
Crazy Yiuf is moderately wounded.
Crazy Yiuf hits you with a +2 quarterstaff of chaos.
Crazy Yiuf freezes you.
You hit Crazy Yiuf but do no damage.
Crazy Yiuf is moderately wounded.
Crazy Yiuf hits you with a +2 quarterstaff of chaos!
* * * LOW HITPOINT WARNING * * *
You feel your power leaking away.
Crazy Yiuf hits you with a +2 quarterstaff of chaos!
* * * LOW HITPOINT WARNING * * *
You feel drained.
You slash Crazy Yiuf!
Crazy Yiuf is severely wounded.
Crazy Yiuf hits you with a +2 quarterstaff of chaos.
You die...

##..#####.#
#....# #)#
#....#
#.##########
#...##
#...........
##.##
#####..(.)..
#.## #.......
##.# #.......
#.## #.......
##@# #.......
#g# #.......
... #.......
#...#
#####.#.
#..)#
######.#.
#####
#...##.#.
####...##.#.
##.##...##.#.
#............


You could see Crazy Yiuf.

Vanquished Creatures
  Sigmund (D:2)
  Robin (D:2)
  An adder (D:2)
  A worm (D:2)
  3 dart slugs
  A ball python (D:2)
  An endoplasm (D:2)
  A giant cockroach (D:1)
  10 goblins
  6 hobgoblins (D:2)
  3 quokkas
  2 bats (D:1)
  5 frilled lizards
  5 kobolds
  3 rats
44 creatures vanquished.

Notes
Turn   | Place    | Note
-------+----------+-------------------------------------------
     0 | D:1      | cayde69 the Formicid Fighter began the quest for the Orb.
     0 | D:1      | Reached XP level 1. HP: 18/18 MP: 1/1
    12 | D:1      | Found Unticw's Assorted Antiques.
   289 | D:1      | Reached XP level 2. HP: 22/24 MP: 2/2
   538 | D:1      | Found a faded altar of an unknown god.
   709 | D:2      | Reached XP level 3. HP: 29/29 MP: 3/3
   728 | D:2      | Noticed Sigmund
   746 | D:2      | HP: 1/29 [Sigmund (9)]
   749 | D:2      | Killed Sigmund
   750 | D:2      | Reached XP level 4. HP: 1/37 MP: 4/4
   750 | D:2      | Reached XP level 5. HP: 2/42 MP: 5/5
   750 | D:2      | Reached XP level 6. HP: 2/48 MP: 6/6
  1180 | D:2      | Found a glowing golden altar of the Shining One.
  1196 | D:2      | Became a worshipper of the Shining One
  1367 | D:2      | Noticed Robin
  1378 | D:2      | Killed Robin
  1490 | D:2      | Found a runed translucent door.
  1491 | D:2      | Noticed Crazy Yiuf
  1717 | D:2      | Slain by Crazy Yiuf

Illustrated notes

Levels and vault maps discovered:
D:1:      mrwooster_arrival_arrow, layout_basic, serial_shops, shop,
          serial_glass, glass_columns_b, glass_columns_c, item_on_display_a,
          item_on_display_a, shapermc_ecumenical_altar_notcrosses
D:2:      layout_rooms, basic_altar, uniq_crazy_yiuf_cottage, uniq_sigmund,
          uniq_robin

Skill      XL: |  1  2  3  4  5  6 |
---------------+-------------------+-----
Axes           | 4 |  4.4
Armour         | 4 |  4.5
Shields        | 4 |  4.2
Fighting       | 4 |  4.0
Dodging        | |  0.5
Stealth        | |  0.3

Action                   |  1- 3 |  4- 6 || total
-------------------------+-------+-------++-------
Melee: War axe           |    61 |    69 ||   130
  Use: Potion            |       |     1 ||     1
Armor: Chain mail        |    34 |    35 ||    69
       Scale mail        |     3 |       ||     3
Dodge: Dodged            |    30 |    19 ||    49
Block: Buckler           |    16 |    10 ||    26
